 Dungeon Crawl Stone Soup version 0.23-a0-79-gaa8cc03 (webtiles) character file.

51 mhoghedin the Charlatan (level 4, -2/26 HPs)
             Began as a Kobold Artificer on Aug 11, 2018.
             Was an Initiate of Nemelex Xobeh.
             Slain by a centaur (9 damage)
             ... on level 2 of the Dungeon.
             The game lasted 00:02:15 (1865 turns).

mhoghedin the Charlatan (Kobold Artificer)          Turns: 1865, Time: 00:02:16

Health: -2/26      AC:  3    Str: 10    XL:     4   Next: 7%
Magic:  7/7        EV: 15    Int: 12    God:    Nemelex Xobeh [......]
Gold:   74         SH:  0    Dex: 15    Spells: 3/3 levels left

rFire    . . .     SeeInvis .   m - +0 whip (venom)
rCold    . . .     Gourm    .   (shield restricted)
rNeg     . . .     Faith    .   b - +0 leather armour
rPois    .         Spirit   .   (no helmet)
rElec    .         Reflect  .   (no cloak)
rCorr    .         Harm     .   (no gloves)
MR       .....                  (no boots)
Stlth    ++........             (no amulet)
HPRegen  0.08/turn              (no ring)
MPRegen  0.10/turn              (no ring)

@: no status effects
A: small, carnivore
a: Renounce Religion


You were on level 2 of the Dungeon.
You worshipped Nemelex Xobeh.
Nemelex Xobeh was noncommittal.
You were not hungry.

You visited 1 branch of the dungeon, and saw 2 of its levels.

You collected 74 gold pieces.

Inventory:

Hand Weapons
 m - a +0 whip of venom (weapon)
   (You found it on level 1 of the Dungeon)
 s - a +0 mace of venom
   (You found it on level 2 of the Dungeon)
Missiles
 k - 7 curare-tipped needles
Armour
 b - a +0 leather armour (worn)
 u - a +0 pair of gloves
   (You found it on level 2 of the Dungeon)
Wands
 c - a wand of flame (15)
 d - a wand of enslavement (15)
 e - a wand of random effects (15)
Scrolls
 g - a scroll of teleportation {unknown}
 h - 3 scrolls of identify {unknown}
 i - a scroll of fog {unknown}
 j - a scroll of noise {unknown}
 l - 5 scrolls of immolation {unknown}
 r - a scroll of blinking {unknown}
 v - a scroll of enchant armour {unknown}
Potions
 a - a potion of invisibility {unknown}
 n - a potion of degeneration {unknown}
 o - 2 potions of might {unknown}
 p - a potion of flight {unknown}
 q - a potion of curing {unknown}
 t - a potion of lignification {unknown}
 x - a potion of berserk rage {unknown}
Miscellaneous
 w - a plain deck of destruction {drawn: 2}
   (Nemelex Xobeh gifted it to you on level 2 of the Dungeon)
Comestibles
 f - 3 rations


   Skills:
 + Level 2.0 Fighting
   Level 2.0 Short Blades
 + Level 0.7 Maces & Flails
 + Level 3.1 Dodging
 - Level 2.0 Stealth
 + Level 4.1 Evocations


You had 3 spell levels left.
You didn't know any spells.
Your spell library was empty.

Dungeon Overview and Level Annotations

Branches:
Dungeon (2/15)

Altars:
Nemelex Xobeh


Innate Abilities, Weirdness & Mutations

You are small and have problems with some larger weapons.
You are carnivorous and can eat meat at any time.


Message History

You hit the worm.
The worm looks even sicker.
The worm completely misses you.
You barely miss the worm. The worm bites you!
You take 9 damage, and have 9/21 hp.
MASSIVE DAMAGE!!
You hit the worm.
The worm looks as sick as possible!
You kill the worm!
Your Fighting skill increases to level 2!
You have reached level 4!
You regained 3 hp, and now have 12/26 hp.
MP restored: 7 You start resting.
Health restored: 26
Found an escape hatch in the ceiling.
A giant cockroach comes into view.
A kobold comes into view.
The kobold shouts!
Found an escape hatch in the floor.
The kobold closely misses you. The giant cockroach closely misses you.
You hit the kobold but do no damage.
The kobold is poisoned.
The kobold closely misses you. The giant cockroach barely misses you.
You barely miss the kobold.
The giant cockroach bites you but does no damage.
The kobold hits you.
You take 2 damage, and have 24/26 hp.
You hit the kobold but do no damage.
The kobold looks as sick as possible!
You kill the kobold!
The giant cockroach bites you but does no damage.
The giant cockroach barely misses you.
You barely miss the giant cockroach.
The giant cockroach bites you but does no damage.
You closely miss the giant cockroach. The giant cockroach barely misses you.
You hit the giant cockroach.
You kill the giant cockroach!
No target in view!
No target in view!
No target in view!
No target in view!
No target in view!
No target in view!
No target in view!
a - a glowing ruby potion
t - a black potion
l - 3 scrolls labeled RIENKE CAAL (gained 1)
u - a pair of gloves Health restored: 26
l - 4 scrolls labeled RIENKE CAAL (gained 1)
There is an open door here.
You see here a club.
v - a scroll labeled NUMISHR BUHEUG No target in view!
No target in view!
Nemelex Xobeh grants you a gift! Something appears at your feet!
w - a plain deck of destruction
There are no items here.
x - a metallic white potion
l - 5 scrolls labeled RIENKE CAAL (gained 1)
A frilled lizard comes into view.
The frilled lizard hisses angrily.
You hear a shout!
A centaur comes into view.
The frilled lizard barely misses you.
You closely miss the frilled lizard. The frilled lizard closely misses you.
You closely miss the frilled lizard. The frilled lizard barely misses you.
You miss the frilled lizard. The frilled lizard barely misses you.
You hit the frilled lizard.
You kill the frilled lizard!
The centaur wields a shortbow.
The centaur shoots an arrow.
The arrow hits you but does no damage.
The centaur shoots an arrow.
The arrow barely misses you.
The centaur unwields an uncursed shortbow.
The centaur hits you but does no damage.
You see here a frilled lizard corpse.
You hit the centaur but do no damage. The centaur hits you. x2
You hit the centaur but do no damage. The centaur hits you.
You barely miss the centaur. The centaur hits you.
The centaur closely misses you.
You take 9 damage, and have 17/26 hp.
MASSIVE DAMAGE!!
You hit the centaur. The centaur closely misses you.
You hit the centaur but do no damage. The centaur hits you.
The centaur barely misses you.
You take 4 damage, and have 13/26 hp.
You hit the centaur but do no damage.
The centaur is poisoned.
The centaur hits you. The centaur misses you.
You take 4 damage, and have 9/26 hp.
You draw a card...
It is the Storm.
A fierce wind blows from the card.
Your air elemental is blown away by the wind.
The centaur barely misses you.
Lightning arcs down from a storm cloud!
Unknown command.
You hit the centaur.
The centaur looks as sick as possible!
The centaur barely misses you. The centaur closely misses you.
You barely miss the centaur. The centaur hits you.
* * * LOW HITPOINT WARNING * * *
You take 2 damage, and have 7/26 hp.
You draw a card...
It is the Orb.
You have drawn the Orb.
Aim: a centaur (heavily wounded, poisoned)
The orb of energy hits the centaur.
The centaur hits you!
You die...
Your body disappears without a glow.

#############
####################
#§c@E§§..(..........
...§§§##################
..##§ #


You could see a centaur and a friendly air elemental.

Vanquished Creatures
  2 oozes
  2 worms (D:2)
  3 dart slugs (D:1)
  A giant cockroach (D:2)
  A goblin (D:1)
  5 hobgoblins
  4 bats
  3 frilled lizards
  5 kobolds
  8 rats
34 creatures vanquished.

Notes
Turn   | Place    | Note
-------+----------+-------------------------------------------
     0 | D:1      | mhoghedin the Kobold Artificer began the quest for the Orb.
     0 | D:1      | Reached XP level 1. HP: 12/12 MP: 3/3
    74 | D:1      | Reached XP level 2. HP: 9/16 MP: 4/4
   321 | D:1      | Found a sparkling altar of Nemelex Xobeh.
   467 | D:1      | Reached skill level 2 in Short Blades
   467 | D:1      | Reached skill level 2 in Stealth
   633 | D:1      | Reached XP level 3. HP: 20/20 MP: 5/5
   683 | D:1      | Reached skill level 4 in Evocations
  1133 | D:1      | Became a worshipper of Nemelex Xobeh the Trickster
  1297 | D:2      | Reached skill level 3 in Dodging
  1488 | D:2      | Reached skill level 2 in Fighting
  1488 | D:2      | Reached XP level 4. HP: 12/26 MP: 7/7
  1799 | D:2      | Received a gift from Nemelex Xobeh
  1848 | D:2      | Noticed a centaur
  1865 | D:2      | Slain by a centaur

Vault maps used:
D:1:      dpeg_arrival_simpleton_b, nemelex_diamond_rough_becter

Skill      XL: |  1  2  3 |
---------------+----------+-----
Short Blades   | 2 |  2.0
Stealth        | 2 |  2.0
Evocations     | 4 |  4.1
Dodging        | 3 |  3.1
Fighting       | 2 |  2.0
Maces & Flails | |  0.7

Action                   |  1- 3 |  4- 6 || total
-------------------------+-------+-------++-------
Melee: Short sword       |    52 |       ||    52
       Whip              |    55 |    18 ||    73
Evoke: Deck              |       |     2 ||     2
 Stab: Sleeping          |     4 |       ||     4
  Eat: Ration            |     1 |       ||     1
       Chunk             |     1 |       ||     1
Armor: Leather armour    |    25 |     4 ||    29
Dodge: Dodged            |    91 |    18 ||   109

Table legend:
 A = Non-vault XP
 B = Vault XP
 C = Vault XP percentage of total XP
 D = Non-vault monster count
 E = Vault monster count
 F = Vault count percentage of total count
 G = Total turns spent on level
                 A         B        C        D         E       F
            +---------+---------+-------+---------+---------+-------
      Total |      74 |       0 |   0.0 |      34 |       0 |   0.0
            +---------+---------+-------+---------+---------+-------
        D:1 |      43 |       0 |   0.0 |      22 |       0 |   0.0
        D:2 |      31 |       0 |   0.0 |      12 |       0 |   0.0
            +---------+---------+-------+---------+---------+-------

Vault maps used:
D:1:      dpeg_arrival_simpleton_b, nemelex_diamond_rough_becter

Table legend:
 A = Turns spent in this place as a percentage of turns spent in the entire game.
 B = Non-inter-level travel turns spent in this place as a percentage of non-inter-level travel turns spent in the entire game.
 C = Inter-level travel turns spent in this place as a percentage of turns spent in this place.
 D = Turns resting spent in this place as a percentage of non-inter-level travel turns spent in this place.
 E = Turns spent auto-exploring this place as a percentage of non-inter-level travel turns spent in this place.
 F = Non-inter-level travel turns spent in this place divided by the number of levels of this place that you've seen.
                   A       B       C       D       E      F
               +-------+-------+-------+-------+-------+----------------------
         Total | 100.0 | 100.0 |   7.2 |  31.4 |  49.6 | 865.5
       Dungeon | 100.0 | 100.0 |   7.2 |  31.4 |  49.6 | 865.5
               +-------+-------+-------+-------+-------+----------------------

Table legend:
 A = Kills in this place as a percentage of kills in entire the game.
 B = Kills by you in this place as a percentage of kills by you in the entire game.
 C = Kills by friends in this place as a percentage of kills by friends in the entire game.
 D = Other kills in this place as a percentage of other kills in the entire game.
 E = Experience gained in this place as a percentage of experience gained in the entire game.
 F = Experience gained in this place divided by the number of levels of this place that you have seen.
                   A       B       C       D       E      F
               +-------+-------+-------+-------+-------+----------------------
         Total | 100.0 | 100.0 |   N/A |   N/A | 100.0 |  37.0
       Dungeon | 100.0 | 100.0 |   N/A |   N/A | 100.0 |  37.0
               +-------+-------+-------+-------+-------+----------------------
